 Dungeon Crawl Stone Soup version 0.25-a0-448-g1f46b9f (webtiles) character file.

Game seed: 16664109786062643282, levelgen mode: deterministic

184 relicbr the Purveyor of Pain (level 5, -6/35 HPs)
             Began as a Mummy Necromancer on Jan 31, 2020.
             Was an Initiate of Kikubaaqudgha.
             Mangled by a black bear (7 damage)
             ... on level 3 of the Dungeon.
             The game lasted 00:08:13 (2871 turns).

relicbr the Purveyor of Pain (Mummy Necromancer)    Turns: 2871, Time: 00:08:14

Health: -6/35      AC:  3    Str: 11    XL:     5   Next: 36%
Magic:  5/9        EV: 12    Int: 16    God:    Kikubaaqudgha [......]
Gold:   138        SH:  0    Dex: 12    Spells: 5/9 levels left

rFire    x . .     SeeInvis .   a - +0 dagger (venom)
rCold    + + .     Gourm    .   (no shield)
rNeg     + + +     Faith    .   l - +0 robe
rPois    ∞         Spirit   .   (no helmet)
rElec    .         Reflect  .   (no cloak)
rCorr    .         Harm     .   n - +0 pair of gloves
MR       .....                  (no boots)
Stlth    ++........             (no amulet)
HPRegen  0.11/turn              j - ring of protection from cold
MPRegen  0.11/turn              (no ring)

@: no status effects
A: no food or potions, fire vulnerability, cold resistance 1, negative energy
resistance 3, torment resistance, unbreathing
a: Renounce Religion


You were on level 3 of the Dungeon.
You worshipped Kikubaaqudgha.
Kikubaaqudgha was noncommittal.
You were not hungry.

You visited 1 branch of the dungeon, and saw 3 of its levels.

You collected 138 gold pieces.

Inventory:

Hand Weapons
 a - a +0 dagger of venom (weapon)
 b - a +0 dire flail
 i - a +1 mace of draining
Missiles
 m - 6 silver javelins (quivered)
Armour
 l - a +0 robe (worn)
 n - a +0 pair of gloves (worn)
Jewellery
 j - a ring of protection from cold (left hand)
Scrolls
 c - a scroll of amnesia {unknown}
 d - 2 scrolls of magic mapping {unknown}
 e - a scroll of enchant armour {unknown}
 f - 2 scrolls of remove curse {unknown}
 g - a scroll of blinking {unknown}
 h - 5 scrolls of identify {unknown}
 k - 2 scrolls of teleportation {unknown}


   Skills:
 - Level 1.7 Dodging
 - Level 1.5 Stealth
 - Level 2.7 Spellcasting
 * Level 6.6 Necromancy


You had 5 spell levels left.
You knew the following spells:

 Your Spells              Type           Power        Failure   Level  Hunger
a - Pain                  Necr           ###.         1%          1    N/A
b - Vampiric Draining     Necr           ###.......   3%          3    N/A

Your spell library contained the following spells:

 Spells                   Type           Power        Failure   Level  Hunger
 Animate Skeleton         Necr           N/A          1%          1    N/A
 Animate Dead             Necr           N/A          12%         4    N/A
 Agony                    Necr           ###.....     34%         5    N/A

Dungeon Overview and Level Annotations

Branches:
Dungeon (3/15)

Altars:
Fedhas
Kikubaaqudgha


Innate Abilities, Weirdness & Mutations

You do not eat or drink.
Your flesh is vulnerable to fire.
You are immune to poison.
Your flesh is cold resistant. (rC+)
You are immune to negative energy. (rN+++)
You are immune to unholy pain and torment.
You can survive without breathing.


Message History

You barely miss the black bear.
The black bear is severely wounded.
The black bear misses you. The black bear closely misses you.
The black bear misses you. The black bear completely misses you.
The black bear barely misses you. The black bear claws you.
You hit the black bear but do no damage.
The black bear is severely wounded.
The black bear bites you! The black bear completely misses you.
The black bear closely misses you.
You hit the black bear but do no damage.
The black bear is poisoned.
The black bear is severely wounded.
The black bear bites you! The black bear closely misses you.
The black bear claws you.
* * * LOW HITPOINT WARNING * * *
The black bear bites you!
* * * LOW HITPOINT WARNING * * *
The black bear claws you!
You die...
Kikubaaqudgha rasps: "You have failed me!
Welcome... oblivion!"

#.##..†###########
+.................
#.##...###########
#.##...# #
#......# #
####.### ## # #.#
#. ##.########.#
#. #......h@...#
#.
......##########
#. ...#. #. # ..
#. #. #. .. #. .
##


You could see a black bear (berserk).

Vanquished Creatures
  A hound (D:3)
  Terence (D:3)
  3 gnolls
  2 adders (D:3)
  2 oozes (D:2)
  A worm (D:3)
  2 dart slugs
  2 leopard geckos
  7 bats
  3 giant cockroaches
  14 goblins
  6 hobgoblins
  7 jackals
  10 kobolds
  7 rats
68 creatures vanquished.

Notes
Turn   | Place    | Note
-------+----------+-------------------------------------------
     0 | D:1      | relicbr the Mummy Necromancer began the quest for the Orb.
     0 | D:1      | Reached XP level 1. HP: 13/13 MP: 4/4
   292 | D:1      | Reached XP level 2. HP: 15/19 MP: 5/5
  1139 | D:2      | Reached XP level 3. HP: 20/24 MP: 5/7
  1150 | D:2      | Reached skill level 5 in Necromancy
  1518 | D:2      | Found a blossoming altar of Fedhas.
  1520 | D:2      | Found an ancient bone altar of Kikubaaqudgha.
  1531 | D:2      | Became a worshipper of Kikubaaqudgha
  1847 | D:3      | Learned a level 3 spell: Vampiric Draining
  1856 | D:3      | Reached XP level 4. HP: 30/30 MP: 3/8
  2247 | D:3      | Reached skill level 6 in Necromancy
  2251 | D:3      | Reached XP level 5. HP: 23/35 MP: 1/9
  2467 | D:3      | Noticed Terence
  2484 | D:3      | Killed Terence
  2857 | D:3      | Noticed a black bear
  2871 | D:3      | HP: 1/35 [black bear (7)]
  2871 | D:3      | Mangled by a black bear

Levels and vault maps discovered:
D:1:      dpeg_arrival_stonehenge_8_columns, layout_loops_ring,
          serial_bayou_lake_a
D:2:      layout_basic, grunt_temple_overflow_growth_and_decay, first_ration
D:3:      kennysheep_the_goblin_king, layout_loops_corners,
          nicolae_ru_great_annihilating_truth, uniq_terence

Skill      XL: |  1  2  3  4 |
---------------+-------------+-----
Necromancy     | 5 6 |  6.6
Dodging        | |  1.7
Stealth        | |  1.5
Spellcasting   | |  2.7

Action                   |  1- 3 |  4- 6 || total
-------------------------+-------+-------++-------
Melee: Dagger            |    20 |    28 ||    48
       Short sword       |    48 |       ||    48
       Mace              |    19 |    35 ||    54
       Dire flail        |       |     1 ||     1
Throw: Javelin           |       |     5 ||     5
 Cast: Pain              |    45 |    21 ||    66
       Vampiric Draining |       |     7 ||     7
 Stab: Sleeping          |     3 |       ||     3
Armor: Robe              |    22 |    19 ||    41
Dodge: Dodged            |    77 |    66 ||   143

Table legend:
 A = Non-vault XP
 B = Vault XP
 C = Vault XP percentage of total XP
 D = Non-vault monster count
 E = Vault monster count
 F = Vault count percentage of total count
                 A         B        C        D         E       F
            +---------+---------+-------+---------+---------+-------
      Total |     214 |      49 |  18.6 |      60 |       8 |  11.8
            +---------+---------+-------+---------+---------+-------
        D:1 |      35 |       0 |   0.0 |      21 |       0 |   0.0
        D:2 |      68 |       0 |   0.0 |      25 |       0 |   0.0
        D:3 |     111 |      49 |  30.6 |      14 |       8 |  36.4
            +---------+---------+-------+---------+---------+-------
